[Event "Late-Titled-Tuesday-Blitz-October-10-2023"]
[Site "Chess.com"]
[Date "2023.10.10"]
[Round "8"]
[White "Binary010"]
[Black "rasmussvane"]
[Result "0-1"]
[WhiteElo "2831"]
[BlackElo "3002"]
[TimeControl "180+1"]
[EndTime "15:22:59 PDT"]
[Termination "rasmussvane won by resignation"]

1. e4 c6 2. d4 d5 3. e5 Bf5 4. Nf3 e6 5. Be2 Ne7 6. c3 Nd7 7. O-O Ng6 8. Ne1 h5 9. Bd3 Bxd3 10. Nxd3 c5 11. f4 cxd4 12. cxd4 Ne7 13. Be3 Nf5 14. Bf2 Rc8 15. Nc3 Be7 16. Rc1 Nb8 17. Qa4+ Nc6 18. Nb5 Qb6 19. Qb3 O-O 20. Nc5 Ncxd4 21. Nxd4 Nxd4 22. Bxd4 Bxc5 23. Rxc5 Rxc5 24. Qe3 Rfc8 25.
f5 exf5 26. e6 fxe6 27. Qe5 R8c7 28. h4 Qc6 29. Rf3 Rc1+ 30. Kh2 Rf7 31. Rg3 Qd7 32. Rg6 Qc7 33. Rxe6 Qxe5+ 34. Rxe5 a6 35. Rxd5 Rd1 36. a4 Rd3 37. a5 Kh7 38. b4 Re7 0-1

[Event "Late-Titled-Tuesday-Blitz-October-10-2023"]
[Site "Chess.com"]
[Date "2023.10.10"]
[Round "8"]
[White "Harsha_Bharathakoti"]
[Black "GothamChess"]
[Result "1-0"]
[WhiteElo "2909"]
[BlackElo "2746"]
[TimeControl "180+1"]
[EndTime "15:22:59 PDT"]
[Termination "Harsha_Bharathakoti won by resignation"]

1. Nf3 g6 2. e4 Bg7 3. d4 d6 4.
Bc4 Nc6 5. h3 Nf6 6. Qe2 O-O 7.
O-O Nd7 8. Rd1 e6 9. c3 a6 10. a4 e5 11. Bg5 Qe8 12. a5 h6 13. Bh4 Kh7 14. Nbd2 exd4 15. cxd4 Nxd4 16. Nxd4 Bxd4 17.
Nf3 Bg7 18. Rac1 Nc5 19. e5 Be6 20. b4 Nb3 21. Rc3 Qa4 22. Rxb3 d5 23. Rxd5 c6 24. Rd6 Bf5 25. g4 Be6 26. Rb1 Rae8 27. Bg3 c5 28.
Bxe6 fxe6 29. bxc5 Qxa5 30. Rxb7 Kh8 31. Rdd7 Rg8 32.
Nh4 Qa1+ 33. Kg2 Qa2 34. Nxg6+ Kh7 35. Qxa2 1-0

[Event "Late-Titled-Tuesday-Blitz-October-10-2023"]
[Site "Chess.com"]
[Date "2023.10.10"]
[Round "8"]
[White "Inepton_Fermion"]
[Black "FERNANDEZL1983"]
[Result "0-1"]
[WhiteElo "2393"]
[BlackElo "2527"]
[TimeControl "180+1"]
[EndTime "15:22:59 PDT"]
[Termination "FERNANDEZL1983 won by resignation"]

1. Nf3 Nf6 2. b3 g6 3. Bb2 Bg7 4. g3 O-O 5. Bg2 c5 6. c4 Nc6 7. O-O d5 8. cxd5 Nxd5 9. Bxg7 Kxg7 10. d4 Qa5 11. e4 Nf6 12. d5 Rd8 13. Qe2 Nd4 14.
Nxd4 cxd4 15. Nd2 b6 16. Nc4 Ba6 17. d6 Bxc4 18. Qxc4 Rac8 19. dxe7 Re8 20. Qxd4 Rxe7 21. Rfe1 Qe5 22. Qxe5 Rxe5 23. f4 Ra5 24. Re2 Rc3 25.
Rd1 Rac5 26. h3 Rxg3 27. Kf2 Nh5 28. e5 Rxg2+ 29. Kxg2 Nxf4+ 30. Kf3 Nxe2 31. Kxe2 Rxe5+ 32. Kf3 Rh5 33. Kg3 Ra5 34. Rd7 Rxa2 0-1

[Event "Late-Titled-Tuesday-Blitz-October-10-2023"]
[Site "Chess.com"]
[Date "2023.10.10"]
[Round "8"]
[White "Korchmar_Vasiliy"]
[Black "FontVella8"]
[Result "1-0"]
[WhiteElo "2762"]
[BlackElo "2627"]
[TimeControl "180+1"]
[EndTime "15:23:00 PDT"]
[Termination "Korchmar_Vasiliy won on time"]

1. e4 c6 2. d4 d5 3. exd5 cxd5 4. Bd3 Nf6 5. c3 Nc6 6. Bf4 Bg4 7. Qb3 Qd7 8. h3 Bh5 9. Nd2 e6 10. Ngf3 Bd6 11. Bxd6 Qxd6 12. O-O Bxf3 13. Nxf3 O-O 14. Rfe1 Qc7 15. a3 g6 16. g3 a6 17. Kg2 b5 18.
a4 bxa4 19. Rxa4 Rab8 20. Qa3 a5 21. Ne5 Nxe5 22. Rxe5 Qb6 23. Re2 Ra8 24. Qa1 Qd8 25.
b3 h5 26. Rea2 Rb8 27. R2a3 h4 28. g4 Qd6 29. Rxa5 Qf4 30. Qd1 Rfc8 31. b4 Ne4 32.
Bxe4 dxe4 33. Qe2 Qc1 34. Qe3 Qc2 35. Ra7 Rb5 36. Qf4 Rf8 37. Ra8 g5 38. Qf6 Rfb8 39. Rxb8+ Rxb8 40. Qxg5+ Kf8 41. Ra7 Re8 42. Qf6 1-0

[Event "Late-Titled-Tuesday-Blitz-October-10-2023"]
[Site "Chess.com"]
[Date "2023.10.10"]
[Round "8"]
[White "Necromon"]
[Black "hansen"]
[Result "0-1"]
[WhiteElo "2477"]
[BlackElo "2900"]
[TimeControl "180+1"]
[EndTime "15:23:00 PDT"]
[Termination "hansen won by checkmate"]

1. Nf3 d5 2. c4 e6 3. d4 Be7 4. g3 Nf6 5. Bg2 O-O 6. O-O Nbd7 7.
Qc2 c6 8. Nc3 b6 9. cxd5 cxd5 10.
Bf4 Bb7 11. Rac1 Rc8 12. Qa4 a6 13. b4 b5 14. Qb3 Nb6 15. Ne5 Ne4 16. Nd3 Nc4 17.
Rfd1 g5 18. Be3 f5 19. Nxe4 dxe4 20. Nc5 Bd5 21. Qc3 f4 22. Bd2 e3 23. fxe3 Bxg2 24.
Kxg2 fxg3 25. hxg3 Bxc5 26. dxc5 Qd5+ 27. Kg1 Qf5 28. Rf1 Qg4 29. e4 Nxd2 30. Rxf8+ Rxf8 31. Qd3 Nxe4 32. c6 Nxg3 33. c7 Nxe2+ 34. Kh1 Qh4+ 35.
Kg2 Rf2# 0-1

[Event "Late-Titled-Tuesday-Blitz-October-10-2023"]
[Site "Chess.com"]
[Date "2023.10.10"]
[Round "8"]
[White "topin8"]
[Black "Javylavilla"]
[Result "1-0"]
[WhiteElo "2417"]
[BlackElo "2337"]
[TimeControl "180+1"]
[EndTime "15:23:01 PDT"]
[Termination "topin8 won by resignation"]

1. e4 e6 2. d4 d5 3. Nd2 c5 4. Ngf3 Nc6 5. dxc5 Bxc5 6. Bd3 Nf6 7. O-O h6 8. c3 O-O 9. Qe2 Re8 10. e5 Nd7 11. Nb3 Bf8 12. Bf4 f6 13. Bg6 Re7 14.
Nbd4 Ncxe5 15. Nxe5 fxe5 16. Bxe5 Nxe5 17. Qxe5 Qc7 18. f4 Qxe5 19. fxe5 Bd7 20. h4 Be8 21. h5 Bxg6 22. hxg6 Ree8 23. Rf7 Re7 24. Raf1 Rae8 25. Nb5 a6 26. Nc7 Rc8 27. Rxe7 Bxe7 28. Nxe6 Rc6 29. Nf4 Bg5 30. Nxd5 Rxg6 31. Re1 Re6 32. Kf2 Kf7 33.
Nc7 Re7 34. e6+ Kg6 35. Nd5 Re8 36. g3 Kf5 37. Kf3 Rxe6 38. g4+ Kg6 39. Rxe6+ Kf7 40. Rb6 1-0

[Event "Late-Titled-Tuesday-Blitz-October-10-2023"]
[Site "Chess.com"]
[Date "2023.10.10"]
[Round "8"]
[White "miraitrunks"]
[Black "venturov"]
[Result "1-0"]
[WhiteElo "2256"]
[BlackElo "2423"]
[TimeControl "180+1"]
[EndTime "15:23:03 PDT"]
[Termination "miraitrunks won on time"]

1. e4 Nf6 2. e5 Nd5 3. d4 d6 4.
exd6 cxd6 5. Nf3 g6 6. c4 Nb6 7. Nc3 Bg7 8. Be3 O-O 9. h3 Nc6 10. Be2 Bf5 11. O-O d5 12. cxd5 Nxd5 13. Qb3 Nxc3 14.
bxc3 b6 15. Rfd1 Rc8 16. Rac1 Na5 17. Qb4 Be4 18. Ng5 Bb7 19. Bf3 Bxf3 20. Nxf3 e6 21. Ne5 Qc7 22. Bf4 Qb7 23. Rd3 Qe4 24. Rf3 Nc6 25.
Nxc6 Rxc6 26. Qa4 Rfc8 27. Qxa7 Qd5 28. Be5 Bxe5 29. Qxf7+ Kh8 30. dxe5 Qxe5 31. Rd1 R6c7 32. Rd7 Rxd7 33. Qxd7 Qc7 34. Qxe6 b5 35. g3 Qg7 36. Rf7 Qxc3 37. Qe7 Qc1+ 38. Kg2 Qc6+ 39. Kh2 1-0

[Event "Late-Titled-Tuesday-Blitz-October-10-2023"]
[Site "Chess.com"]
[Date "2023.10.10"]
[Round "8"]
[White "tylityli"]
[Black "lluiss"]
[Result "1/2-1/2"]
[WhiteElo "2336"]
[BlackElo "2226"]
[TimeControl "180+1"]
[EndTime "15:23:03 PDT"]
[Termination "Game drawn by repetition"]

1. d4 Nf6 2. c4 g6 3. Nc3 d5 4.
cxd5 Nxd5 5. Bd2 Nb6 6. Bf4 Bg7 7. e3 O-O 8. Nf3 c5 9. dxc5 N6d7 10. c6 Nxc6 11. Bb5 Nc5 12. Qxd8 Rxd8 13. O-O Bg4 14. Rfd1 Rxd1+ 15. Rxd1 e5 16. Bg3 e4 17. h3 Bh5 18.
Bd6 exf3 19. Bxc5 fxg2 20. Rd7 Bf3 21. Be2 Bxc3 22. Bxf3 Bxb2 23. Rxb7 Ne5 24. Kxg2 Nxf3 25. Kxf3 Rc8 26. Bxa7 Bf6 27. a4 Rc2 28. a5 Ra2 29. Bb6 Bc3 30. Ra7 Be1 31. e4 Ra3+ 32. Kf4 Ra2 33.
f3 h6 34. Bd4 Rxa5 35. Rxa5 Bxa5 36. h4 h5 37. Bf6 Bd2+ 38. Kg3 Kf8 39. f4 Ke8 40. f5 Kd7 41. fxg6 fxg6 42. Kf3 Ke6 43. Bd8 Bc3 44. Bg5 Be5 45. Be3 Bf6 46. Bf2 Ke5 47. Ke3 Ke6 48. Kf4 Be7 49. Kf3 Bd6 50.
Be1 Be5 51. Bf2 Bf6 52. Bg3 Be7 53. Bf2 Ke5 54. Bg3+ Ke6 55. Bf2 1/2-1/2

[Event "Late-Titled-Tuesday-Blitz-October-10-2023"]
[Site "Chess.com"]
[Date "2023.10.10"]
[Round "8"]
[White "rychessmaster1"]
[Black "subham777"]
[Result "1-0"]
[WhiteElo "2698"]
[BlackElo "2525"]
[TimeControl "180+1"]
[EndTime "15:23:04 PDT"]
[Termination "rychessmaster1 won by resignation"]

1. Nf3 d5 2. e3 Nf6 3. c4 e6 4.
Nc3 Be7 5. b3 O-O 6. Bb2 c5 7.
cxd5 exd5 8. d4 Nc6 9. Be2 Re8 10. O-O a6 11. Rc1 cxd4 12. Nxd4 Bd7 13. Na4 Bd6 14. Nc5 Bxc5 15. Rxc5 Rc8 16. Nxc6 Bxc6 17. Qa1 Ne4 18. Rc2 Qg5 19. Bd4 Nd6 20. Rfc1 Nf5 21. Bf1 h5 22. a4 h4 23. h3 Bd7 24. Kh1 Rxc2 25.
Rxc2 Rc8 26. Rxc8+ Bxc8 27. Be5 Qe7 28. Bh2 Qe4 29. Qc3 Qe8 30. Bd3 Be6 31. Qe5 Qc8 32.
Bf4 Ne7 33. Qg5 Nf5 34. Kh2 Qc3 35. Bxf5 Bxf5 36. Qxf5 Qxb3 37. Qd7 b5 38. a5 Qa2 39. Qc8+ Kh7 40. Qxa6 Qe2 41. Qb7 Qc4 42. a6 b4 43. a7 1-0

[Event "Late-Titled-Tuesday-Blitz-October-10-2023"]
[Site "Chess.com"]
[Date "2023.10.10"]
[Round "8"]
[White "Giorno"]
[Black "Qvalda"]
[Result "1-0"]
[WhiteElo "2522"]
[BlackElo "2391"]
[TimeControl "180+1"]
[EndTime "15:23:04 PDT"]
[Termination "Giorno won on time"]

1. Nf3 Nf6 2. c3 b6 3. d4 Bb7 4.
g3 g6 5. Bg2 Bg7 6. O-O O-O 7.
Nbd2 c5 8. e4 Nxe4 9. Ng5 d5 10.
Ndxe4 dxe4 11. dxc5 Qxd1 12. Rxd1 bxc5 13. Nxe4 Rc8 14.
Nf6+ Bxf6 15. Bxb7 Nc6 16. Bxa8 Rxa8 17. Be3 c4 18.
Rd7 Rb8 19. Rc7 Ne5 20. Rd1 Kg7 21. Bc1 a5 22. Ra7 Rb5 23. a4 Rc5 24. Be3 Rc6 25.
Rxa5 Nd3 26. Rd2 h5 27. Rb5 h4 28. gxh4 Ne1 29. Rdd5 Nf3+ 30. Kf1 Nxh2+ 31. Kg2 Ng4 32. Bg5 e6 33. Rdc5 Rd6 34. Bxf6+ Kxf6 35. Rxc4 Nh6 36. Rd4 Rc6 37. a5 Nf5 38. Ra4 Nd6 39. Rb6 1-0

[Event "Late-Titled-Tuesday-Blitz-October-10-2023"]
[Site "Chess.com"]
[Date "2023.10.10"]
[Round "8"]
[White "martinez_95"]
[Black "cthake"]
[Result "1-0"]
[WhiteElo "2210"]
[BlackElo "1962"]
[TimeControl "180+1"]
[EndTime "15:23:06 PDT"]
[Termination "martinez_95 won on time"]

1. e4 e6 2. d4 d5 3. Nd2 Nf6 4. e5 Nfd7 5. f4 c5 6. c3 Nc6 7. Ndf3 Qb6 8. Ne2 cxd4 9. cxd4 f6 10. g3 Bb4+ 11. Bd2 O-O 12. Bh3 f5 13. g4 g6 14.
gxf5 exf5 15. O-O Bxd2 16. Qxd2 Qb4 17. Qxb4 Nxb4 18. a3 Nc2 19. Rac1 Ne3 20. Rf2 Nb6 21. Nc3 Be6 22. Re2 Nec4 23. Ng5 Rfe8 24. Nb5 Rac8 25.
Nxa7 Ra8 26. Nb5 Rac8 27. Nxe6 Rxe6 28. Rec2 Rec6 29. Na7 Ne3 30. Nxc6 bxc6 31. Rxc6 Rxc6 32. Rxc6 Nbc4 33. b4 Nxa3 34. Bf1 Nec2 35. b5 Nxd4 36. Rc8+ 1-0

[Event "Late-Titled-Tuesday-Blitz-October-10-2023"]
[Site "Chess.com"]
[Date "2023.10.10"]
[Round "8"]
[White "acertijo08"]
[Black "NelsonLinda"]
[Result "0-1"]
[WhiteElo "2413"]
[BlackElo "2589"]
[TimeControl "180+1"]
[EndTime "15:23:10 PDT"]
[Termination "NelsonLinda won on time"]

1. e4 c5 2. Nf3 e6 3. d4 cxd4 4. Nxd4 Nf6 5. Nc3 d6 6. g4 e5 7.
Bb5+ Bd7 8. Bxd7+ Qxd7 9. Nf5 h5 10. Bg5 Nh7 11. Bh4 g5 12. Bxg5 Nxg5 13. Nd5 Nh7 14. gxh5 Nc6 15. c3 O-O-O 16. Qa4 Kb8 17. O-O-O Ne7 18. Qxd7 Rxd7 19. Ndxe7 Bxe7 20. Nxe7 Rxe7 21. Rxd6 Ng5 22. f3 Rxh5 23. Rf6 Rh3 24. Rg1 Ne6 25.
Rg2 Kc7 26. Rf5 Nf4 27. Rg7 Rxh2 28. Rgxf7 Rxf7 29. Rxf7+ Kc6 30. Rf5 Rf2 31. Rf6+ Kc5 32. Rf7 Nd3+ 33. Kb1 Rxb2+ 34. Ka1 Rf2 35. a4 Kb6 36. Rf6+ Ka5 37. Rf7 Kxa4 38. Rxb7 a5 39. Kb1 Rxf3 40. Kc2 Nc5 41. Rc7 Rf2+ 42. Kd1 Kb5 43.
Re7 Nd3 44. Rd7 Kc4 45. Rc7+ Kb3 0-1

[Event "Late-Titled-Tuesday-Blitz-October-10-2023"]
[Site "Chess.com"]
[Date "2023.10.10"]
[Round "8"]
[White "stasOR4ik"]
[Black "borocotoajua"]
[Result "1-0"]
[WhiteElo "2458"]
[BlackElo "2551"]
[TimeControl "180+1"]
[EndTime "15:23:10 PDT"]
[Termination "stasOR4ik won on time"]

1. e4 c6 2. c4 d5 3. cxd5 cxd5 4.
exd5 Qxd5 5. Nc3 Qd8 6. Bc4 Nf6 7. Nf3 Nc6 8. O-O e6 9. d4 Be7 10. Qe2 O-O 11. Bf4 Nb4 12. Be5 Nbd5 13. Bd3 b6 14. Rac1 Bb7 15. Rfd1 Rc8 16. Ne4 Rxc1 17. Rxc1 Nb4 18.
Bb1 Nxe4 19. Bxe4 Bxe4 20. Qxe4 Nxa2 21. Rc7 a5 22. Qg4 g6 23. Qf4 f6 24. Qg4 Kf7 25. Qh3 h5 26. Bg3 Nb4 27. Nh4 Nd5 28. Rb7 Qc8 29.
f3 Qxb7 30. Nxg6 Kxg6 31. Qxe6 Rf7 32. Bh4 Nf4 33. Qe3 Qc7 34. g4 1-0

[Event "Late-Titled-Tuesday-Blitz-October-10-2023"]
[Site "Chess.com"]
[Date "2023.10.10"]
[Round "8"]
[White "2typicalchessplayer"]
[Black "jaskol95"]
[Result "0-1"]
[WhiteElo "2385"]
[BlackElo "2580"]
[TimeControl "180+1"]
[EndTime "15:23:11 PDT"]
[Termination "jaskol95 won by resignation"]

1. Nf3 d5 2. g3 Nd7 3. Bg2 e5 4. d4 e4 5. Nfd2 Ngf6 6. c4 c6 7. O-O h5 8. h3 h4 9. g4 Bd6 10. e3 Nf8 11. f3 exf3 12. Qxf3 Be6 13. cxd5 cxd5 14. Nc3 N8h7 15. e4 Ng5 16. Qe3 Ngxe4 17. Ndxe4 dxe4 18. g5 Nd5 19. Nxd5 Bxd5 20. g6 O-O 21.
gxf7+ Rxf7 22. Rxf7 Bxf7 23. Bxe4 Qe7 24. Bd2 Re8 25. Re1 Bg3 26. Bh7+ Kf8 27. Qxe7+ Rxe7 28. Rxe7 Kxe7 29. Be4 b6 30. Kg2 Bxa2 31. Bb4+ Ke6 32. Kf3 Bd5 33. Bf8 g6 34. Ke3 Bxe4 35. Kxe4 Bd6 36. d5+ Kd7 37. Bg7 Ke7 38. Bh6 Kf6 39.
Be3 Bc5 40. Bd2 a5 41. Bc3+ Ke7 42. Ke5 Bd6+ 43. Ke4 Bb4 44. Bd4 Bc5 45. Bc3 a4 46. Be1 g5 47. Bd2 Kf6 48. Bc3+ Kg6 49. Be5 b5 50. d6 b4 51. Kd5 Bxd6 52. Bxd6 a3 53. bxa3 b3 54. Be5 Kf5 55. a4 g4 56. hxg4+ Kxg4 57.
a5 h3 58. a6 b2 59. Bxb2 h2 60. Kc5 h1=Q 61. Bc3 Qa8 62. Kb5 Kf5 63. Ba5 Ke6 64. Bb6 Kd5 65. a7 Qb7 66. Ka5 Kc6 67. Ka4 Kxb6 0-1

[Event "Late-Titled-Tuesday-Blitz-October-10-2023"]
[Site "Chess.com"]
[Date "2023.10.10"]
[Round "8"]
[White "jguerramzllo"]
[Black "NovikovaGalina"]
[Result "0-1"]
[WhiteElo "2600"]
[BlackElo "2435"]
[TimeControl "180+1"]
[EndTime "15:23:11 PDT"]
[Termination "NovikovaGalina won on time"]

1. e4 e6 2. d4 d5 3. exd5 exd5 4.
Nf3 Nf6 5. h3 Bf5 6. Bd3 Bxd3 7.
Qxd3 Be7 8. O-O O-O 9. Bf4 c6 10. Nbd2 Nbd7 11. Rfe1 Re8 12. Re2 Bf8 13. Rae1 Rxe2 14.
Rxe2 Qa5 15. a3 h6 16. Ne5 Qb6 17. Nb3 Nxe5 18. Bxe5 Nd7 19. Bf4 a5 20. c3 a4 21.
Nc1 Nf6 22. Be5 Nd7 23. Bg3 Nf6 24. Be5 Nd7 25. Qf3 Nxe5 26. dxe5 Re8 27. Nd3 d4 28.
Nf4 dxc3 29. Qxc3 Qc5 30. Qxc5 Bxc5 31. Nd3 Bd4 32. Kf1 c5 33. f4 b5 34. Rc2 c4 35. Nb4 Be3 36. g3 Rd8 37. Ke2 Bc5 38. Rd2 Re8 39. Kf3 Bxb4 40. axb4 Rc8 41. Ke2 c3 0-1

[Event "Late-Titled-Tuesday-Blitz-October-10-2023"]
[Site "Chess.com"]
[Date "2023.10.10"]
[Round "8"]
[White "giomar27"]
[Black "emeli_chess"]
[Result "1-0"]
[WhiteElo "2297"]
[BlackElo "2383"]
[TimeControl "180+1"]
[EndTime "15:23:11 PDT"]
[Termination "giomar27 won by resignation"]

1. e4 c5 2. Nc3 Nc6 3. Nf3 d6 4. d4 cxd4 5. Nxd4 Nf6 6. Bc4 e6 7. Be3 Be7 8. Qe2 O-O 9. O-O-O Bd7 10. g4 a6 11. g5 Nxe4 12. Nxe4 d5 13. Nxc6 bxc6 14.
Bc5 Re8 15. Rhg1 dxe4 16. Bxe7 Qxe7 17. Qxe4 Red8 18. Bb3 Be8 19. h4 Rxd1+ 20. Rxd1 Rd8 21. Rd3 Rxd3 22. Qxd3 Qc5 23. Qe3 Qxe3+ 24. fxe3 Kf8 25. Kd2 Ke7 26. Kc3 f6 27. Kb4 fxg5 28. hxg5 h5 29. gxh6 gxh6 30. Bc4 h5 31. Bxa6 h4 32. Bf1 Bg6 33.
c4 Bf5 34. Kc5 h3 35. Bxh3 Bxh3 36. Kxc6 Bg2+ 37. Kc7 Kf6 38. b4 Bf1 39. c5 Ke5 40. a4 Kd5 41. a5 Kc4 42. a6 Kb5 43. a7 Bg2 44. Kd6 e5 45. Kxe5 Kxb4 46. e4 1-0

[Event "Late-Titled-Tuesday-Blitz-October-10-2023"]
[Site "Chess.com"]
[Date "2023.10.10"]
[Round "8"]
[White "vladislavkovalev"]
[Black "Denis_Makhnyov"]
[Result "0-1"]
[WhiteElo "2862"]
[BlackElo "2924"]
[TimeControl "180+1"]
[EndTime "15:23:12 PDT"]
[Termination "Denis_Makhnyov won on time"]

1. e4 e5 2. Nf3 Nc6 3. Bb5 a6 4. Ba4 Nf6 5. O-O d6 6. Bxc6+ bxc6 7. d4 exd4 8. Nxd4 c5 9. Nf3 Bb7 10. e5 Ne4 11. Re1 Be7 12. Nbd2 Nxd2 13. Bxd2 O-O 14. Bf4 Re8 15. Qd3 Qd7 16. Rad1 Rad8 17. h3 h6 18. Qe3 Bf8 19. b3 Qf5 20. c4 g5 21. Bg3 f6 22. e6 Bc8 23. e7 Rxe7 24.
Qxe7 Bxe7 25. Rxe7 Bb7 26. Rxc7 Bxf3 27. gxf3 Qxf3 28.
Re1 h5 29. Ree7 Qd3 30. h4 Qg6 31. Kh2 Re8 32. Red7 gxh4 33. Bxh4 Qg4 34. Bg3 h4 35. Bxd6 Qf5 36. Rg7+ Kh8 37. Kg2 Rg8 38. Rxg8+ Kxg8 0-1

[Event "Late-Titled-Tuesday-Blitz-October-10-2023"]
[Site "Chess.com"]
[Date "2023.10.10"]
[Round "8"]
[White "Dacean99"]
[Black "Cheer_Down"]
[Result "1-0"]
[WhiteElo "2589"]
[BlackElo "2459"]
[TimeControl "180+1"]
[EndTime "15:23:13 PDT"]
[Termination "Dacean99 won by resignation"]

1. d4 Nf6 2. Nf3 d5 3. c4 e6 4. Nc3 c5 5. cxd5 Nxd5 6. e4 Nxc3 7. bxc3 cxd4 8. cxd4 Bb4+ 9. Bd2 Bxd2+ 10. Qxd2 O-O 11.
Bd3 Nc6 12. e5 Qa5 13. Qxa5 Nxa5 14. Be4 Bd7 15. Rb1 Rac8 16. O-O b5 17. d5 exd5 18. Bxd5 a6 19. Rfd1 h6 20. Nd4 Rfd8 21. e6 Be8 22. Nf5 Rb8 23. e7 Rd7 24. Rbc1 g6 25. Nxh6+ Kg7 26.
Nxf7 Bxf7 27. Bxf7 Rxe7 28. Bd5 Re2 29. Re1 Rbe8 30.
Kf1 Rxe1+ 31. Rxe1 Rd8 32. Re5 Kf6 33. f4 Rd6 34. g4 Nc6 35. g5+ Kg7 36. Re6 Rxd5 37. Rxc6 a5 38. Ke2 Rd4 39. Ke3 Ra4 40. Rc2 Kf7 41. h4 Ke6 42. Kf3 Rc4 43. Re2+ Kf7 44.
Kg4 b4 45. Re5 a4 46. Rb5 Rd4 47. Rb7+ Ke6 48. Rg7 b3 49. axb3 axb3 50. Rxg6+ Kd5 51. Rb6 Kc4 52. g6 Rd1 53. Kf5 Rg1 54. h5 Kc3 55.
h6 b2 56. h7 1-0

[Event "Late-Titled-Tuesday-Blitz-October-10-2023"]
[Site "Chess.com"]
[Date "2023.10.10"]
[Round "8"]
[White "NateSolon"]
[Black "Vegan4future"]
[Result "1-0"]
[WhiteElo "2591"]
[BlackElo "2439"]
[TimeControl "180+1"]
[EndTime "15:23:14 PDT"]
[Termination "NateSolon won by checkmate"]

1. d4 d5 2. Bf4 c5 3. e3 cxd4 4.
exd4 Nc6 5. Nf3 Bg4 6. c3 e6 7.
Nbd2 Bd6 8. Bxd6 Qxd6 9. Qb3 Nf6 10. Bb5 O-O 11. O-O a6 12. Bxc6 bxc6 13. Ne5 c5 14. Qa3 Rac8 15. Nb3 Rc7 16. Nxc5 Be2 17. Rfe1 Bb5 18.
Qa5 Rfc8 19. a4 Bc4 20. Nxc4 dxc4 21. Qxa6 Qd5 22. Re5 Qd8 23. Qxc4 Nd7 24. Ree1 Nxc5 25. dxc5 Rxc5 26. Qe4 Qb6 27. Re2 h6 28. g3 Qb3 29.
Qb4 Qd5 30. a5 Rc4 31. Qa3 Qf3 32. Re3 Qa8 33. b4 h5 34. b5 h4 35. Qc1 h3 36.
Qf1 R4c5 37. Qxh3 Rxb5 38. a6 Rb6 39. a7 Rc7 40. Qg2 Rc8 41. Rd3 Rb7 42. Rad1 Rxa7 43.
Qh3 Rac7 44. Qh4 Qc6 45. Rd8+ Rxd8 46. Rxd8+ Qe8 47. Rxe8# 1-0

[Event "Late-Titled-Tuesday-Blitz-October-10-2023"]
[Site "Chess.com"]
[Date "2023.10.10"]
[Round "8"]
[White "Grischuk"]
[Black "baki83"]
[Result "1-0"]
[WhiteElo "2979"]
[BlackElo "2813"]
[TimeControl "180+1"]
[EndTime "15:23:15 PDT"]
[Termination "Grischuk won on time"]

1. c4 c5 2. g3 Nc6 3. Bg2 g6 4. Nc3 Bg7 5. d3 e5 6. Nf3 Nge7 7. O-O d6 8. a3 O-O 9. Ne1 Be6 10. b4 e4 11. Bd2 exd3 12. exd3 d5 13. cxd5 Nxd5 14.
Ne4 cxb4 15. axb4 Ndxb4 16. Rc1 a5 17. Bg5 f6 18. Be3 Bd5 19. Nf3 Rf7 20. Qa4 Nxd3 21. Rcd1 Nb2 22. Qb5 Nxd1 23. Rxd1 Bxe4 24. Rxd8+ Rxd8 25. Nd2 Bxg2 26. Kxg2 Bf8 27. h4 Bb4 28. Ne4 Re8 29.
Qc4 Ne5 30. Qd5 Kg7 31. h5 gxh5 32. Bc5 Rd7 33. Qa2 Nc6 34. Bxb4 axb4 35. Nc5 Rde7 36. Qc4 Kh8 37. Qh4 Rf8 38. Nd3 b3 39. Qc4 Ne5 40. Qb4 Rff7 41. Nf4 h4 42. gxh4 Ng6 43. Nd5 Re5 44. Ne3 Rh5 45. Qxb3 Nxh4+ 46. Kf1 Ng6 47. Qxf7 Rh1+ 48. Kg2 1-0

[Event "Late-Titled-Tuesday-Blitz-October-10-2023"]
[Site "Chess.com"]
[Date "2023.10.10"]
[Round "8"]
[White "canary2016"]
[Black "BeyondMadness"]
[Result "0-1"]
[WhiteElo "2177"]
[BlackElo "2320"]
[TimeControl "180+1"]
[EndTime "15:23:15 PDT"]
[Termination "BeyondMadness won by resignation"]

1. d4 Nf6 2. c4 c5 3. d5 e6 4. Nc3 exd5 5. cxd5 d6 6. Nf3 g6 7. g3 Bg7 8. Bg2 O-O 9. O-O Re8 10. Re1 a6 11. a4 Ne4 12. Nxe4 Rxe4 13. Bf4 Bxb2 14. Rb1 Bg7 15. Qc2 Bf5 16. Qb3 Rb4 17. Qa2 Bxb1 18.
Rxb1 Rxb1+ 19. Qxb1 Qc7 20. Nd2 Nd7 21. Nc4 Ne5 22. Nb6 Re8 23. a5 c4 24. Qb4 c3 25.
Qa4 Rd8 26. Qa3 Nc4 27. Nxc4 Qxc4 28. Bxd6 c2 29. Bf4 Qc3 30. Qc1 Qb2 31. Be4 Qxc1+ 32. Bxc1 Bc3 33. Bxc2 Rxd5 34. Bf4 Rxa5 35. Be4 Ra1+ 36.
Kg2 b5 37. Bd5 b4 38. Bd6 a5 39. Bc7 a4 40. Bb6 a3 41. Bb3 Rb1 42. Ba2 Rb2 43. Bd5 a2 0-1

[Event "Late-Titled-Tuesday-Blitz-October-10-2023"]
[Site "Chess.com"]
[Date "2023.10.10"]
[Round "8"]
[White "cassoulet"]
[Black "MKlose11"]
[Result "1-0"]
[WhiteElo "2763"]
[BlackElo "2635"]
[TimeControl "180+1"]
[EndTime "15:23:16 PDT"]
[Termination "cassoulet won on time"]

1. e4 e6 2. d3 d5 3. Nd2 Nf6 4. Ngf3 Be7 5. g3 b6 6. Bg2 dxe4 7. dxe4 Ba6 8. c4 Qd3 9. e5 Nfd7 10. Ng1 c6 11. Be4 Qd4 12. Ngf3 Qc5 13. O-O Nxe5 14. Nxe5 Qxe5 15. Re1 Qd6 16. Qh5 Nd7 17. Qf3 Ne5 18. Qg2 Rc8 19. b3 Nd3 20. Rd1 Nxc1 21. Raxc1 O-O 22. Nf3 Qc7 23. Qh3 g6 24. Qh6 Rfd8 25. h4 Bf8 26. Qg5 Bb7 27. Ne5 h6 28. Qf4 Bg7 29. Rxd8+ Rxd8 30. Nxg6 e5 31. Qf5 fxg6 32. Qxg6 Rd6 33. Qh7+ Kf8 34. Rc3 Rf6 35. Rd3 c5 36. Bxb7 Qxb7 37. Rd8+ Kf7 38. Rg8 Rg6 39. h5 Rg5 40. Rd8 Qf3 41. Qg8+ Kf6 42. Rf8+ Bxf8 43. Qxf8+ Ke6 44. Qxf3 1-0

[Event "Late-Titled-Tuesday-Blitz-October-10-2023"]
[Site "Chess.com"]
[Date "2023.10.10"]
[Round "8"]
[White "ExchangeAB"]
[Black "Djager97"]
[Result "0-1"]
[WhiteElo "2494"]
[BlackElo "2627"]
[TimeControl "180+1"]
[EndTime "15:23:16 PDT"]
[Termination "Djager97 won by resignation"]

1. d4 Nf6 2. Nc3 d5 3. Bf4 a6 4. e3 e6 5. Nf3 c5 6. dxc5 Bxc5 7. Bd3 Nc6 8. e4 h6 9. O-O O-O 10. exd5 exd5 11. Ne5 Be6 12. Nxc6 bxc6 13. Na4 Bd6 14. Bxd6 Qxd6 15. Be2 c5 16. Bf3 Rad8 17. b3 d4 18. Nb2 Bd5 19. Nc4 Bxc4 20. bxc4 Rfe8 21. Qd3 Nd7 22. Bd5 Nb6 23. Bf3 Qe6 24. g3 Nxc4 25.
Rfb1 Ne5 26. Qd1 d3 27. Be4 d2 28. c4 Nxc4 29. Bb7 Qd7 30. Qb3 Qd4 31. Bxa6 Re2 32. Rf1 Re4 33. a4 Ne5 34. Bb7 c4 35. Qa3 c3 36.
Bxe4 Qxe4 37. Qxc3 Nf3+ 38. Kg2 Ne1+ 39. Kh3 Qg2+ 40. Kg4 Qxf1 41. Qxd2 Rxd2 0-1

[Event "Late-Titled-Tuesday-Blitz-October-10-2023"]
[Site "Chess.com"]
[Date "2023.10.10"]
[Round "8"]
[White "tgpgoat"]
[Black "nicholas_ilic"]
[Result "1-0"]
[WhiteElo "2539"]
[BlackElo "2320"]
[TimeControl "180+1"]
[EndTime "15:23:16 PDT"]
[Termination "tgpgoat won on time"]

1. Nf3 d5 2. g3 g6 3. Bg2 Bg7 4. O-O Nf6 5. c4 c6 6. cxd5 cxd5 7. d4 O-O 8. Nc3 Nc6 9. Bf4 a6 10. Rc1 Nh5 11. Be3 f5 12. Ne5 Be6 13. Nxc6 bxc6 14. Na4 Qd6 15. Nc5 Bc8 16. Bd2 Rb8 17. b4 f4 18. Bc3 g5 19. e4 Qh6 20. exd5 cxd5 21. Bxd5+ Kh8 22. Bg2 g4 23. Re1 f3 24. Bf1 Nf6 25. d5 Rd8 26. Rxe7 Bf5 27. d6 Bf8 28. Rf7 Rxd6 29. Rxf6 Rxf6 30. Nxa6 Rb6 31. Nc5 Rd6 32.
Qe1 Kg8 33. Bc4+ Kh8 34. Qe8 Bg6 35. Bxf6+ Rxf6 36. Qe5 Qxc1+ 37. Bf1 Bg7 38. Qd5 Rf8 39. Ne6 Qb1 40. Nxf8 Bxf8 41. b5 Bg7 42. Qd8+ 1-0